 Dungeon Crawl Stone Soup version 0.30-a0-778-g2ef04afb54 (webtiles) character file.

Game seed: 10882158445872350144

44 theswoord the Chiller (level 3, 0/28 HPs)
             Began as a Naga Ice Elementalist on Feb 15, 2023.
             Slain by a jackal (2 damage)
             ... on level 2 of the Dungeon.
             The game lasted 00:04:07 (1519 turns).

theswoord the Chiller (Naga Ice Elementalist)       Turns: 1519, Time: 00:04:07

Health: 0/28       AC:  2    Str: 10    XL:     3   Next: 62%
Magic:  3/7        EV:  9    Int: 17    God:
Gold:   118        SH:  0    Dex: 11    Spells: 0/7 levels left

rFire   . . .      SeeInvis +    i - +0 short sword
rCold   . . .      Faith    .    (no shield)
rNeg    . . .      Spirit   .    a - +0 robe
rPois   +          Reflect  .    (no helmet)
rElec   .          Harm     .    (no cloak)
rCorr   .          Rampage  .    (no gloves)
Will    .....                    (no barding)
Stlth   ++                       (no amulet)
HPRegen 0.24/turn                (no ring)
MPRegen 0.10/turn                (no ring)

@: very slow
A: AC +1, large, see invisible, deformed body, poison resistance, slowness 2,
spit poison 1, naga tail 1
a: Spit Poison


You were on level 2 of the Dungeon.
You visited 1 branch of the dungeon, and saw 2 of its levels.

You collected 118 gold pieces.

Inventory:

Hand Weapons
 i - a +0 short sword (weapon)
Armour
 a - a +0 robe (worn)
 g - a +0 cloak
Wands
 l - a wand of mindburst (11)
Scrolls
 c - a scroll of fear {unknown}
 h - a scroll of identify {unknown}
 j - a scroll of enchant armour {unknown}
Potions
 b - 2 potions of magic
 d - 2 potions of brilliance {unknown}
 e - a potion of flight {unknown}
 f - a potion of haste {unknown}
 k - a potion of heal wounds {unknown}


   Skills:
 - Level 1.5 Dodging
 - Level 3.0 Stealth
 + Level 2.9 Spellcasting
 + Level 4.6 Ice Magic


You couldn't memorise any spells.
You knew the following spells:

 Your Spells              Type           Power      Damage    Failure   Level
a - Freeze                Ice            72%        1d8       2%          1
b - Frozen Ramparts       Ice            36%        1d6       8%          3
c - Ozocubu's Armour      Ice            18%        N/A       8%          3

Your spell library contained the following spells:

 Spells                   Type           Power      Damage    Failure   Level
 Summon Ice Beast         Ice/Summ       10%        N/A       56%         4


Dungeon Overview and Level Annotations

Branches:
Dungeon (2/15)

Altars:


Innate Abilities, Weirdness & Mutations

Your serpentine skin is tough. (AC +1)
You have supernaturally acute eyesight. (SInv)
Armour fits poorly on your strangely shaped body.
Your system is resistant to poisons. (rPois)
You cover ground very slowly.
You can spit poison.
You have a snake-like lower body.


Message History

A jackal comes into view.
A jackal is nearby!
A jackal is nearby!
A jackal is nearby!
The jackal barely misses you.
You see here a jackal corpse.
You barely miss the jackal. The jackal closely misses you.
The jackal bites you but does no damage.
Aim: a jackal You freeze the jackal.
The jackal bites you.
* * * LOW HITPOINT WARNING * * *
Aim: a jackal (moderately wounded)
You freeze the jackal. The jackal bites you.
* * * LOW HITPOINT WARNING * * *
The jackal misses you.
You hit the jackal but do no damage. The jackal bites you.
* * * LOW HITPOINT WARNING * * *
Aim: a jackal (heavily wounded)
You freeze the jackal. The jackal closely misses you.
You closely miss the jackal. The jackal barely misses you.
The jackal bites you.
* * * LOW HITPOINT WARNING * * *
A jackal is nearby!
A jackal is nearby!
You closely miss the jackal. The jackal bites you.
* * * LOW HITPOINT WARNING * * *
A jackal is nearby!
You closely miss the jackal. The jackal completely misses you.
The jackal bites you but does no damage.
A jackal is nearby!
You completely miss the jackal. The jackal bites you.
* * * LOW HITPOINT WARNING * * *
A jackal is nearby!
You closely miss the jackal. The jackal bites you.
* * * LOW HITPOINT WARNING * * *
You barely miss the jackal. The jackal bites you.
* * * LOW HITPOINT WARNING * * *
The jackal barely misses you.
You hit the jackal. The jackal bites you.
You die...

#.###.# #.###.###
#.#.....####
#.#.>.[....#
#.....#.##.# #
###........# #.#
##..#.##.# ..
#..#.##.#####.#
#..........@h.#
#####.#.##.#######
#..............#
#.####..##.....#
#.####...#.....#
#.#.<..#.......#
#.#.##.........##
#.#.##..........#
#...............#


You could see a jackal.

Vanquished Creatures
  3 dart slugs (D:1)
  4 endoplasms
  3 giant cockroaches (D:1)
  3 goblins
  2 hobgoblins
  A jackal (D:2)
  2 ball pythons (D:1)
  7 bats
  4 frilled lizards
  4 kobolds
  3 rats
36 creatures vanquished.

Notes
Turn   | Place    | Note
-------+----------+-------------------------------------------
     0 | D:1      | theswoord the Naga Ice Elementalist began the quest for the
                  | Orb.
     0 | D:1      | Reached XP level 1. HP: 15/15 MP: 3/3
   284 | D:1      | Reached XP level 2. HP: 22/22 MP: 3/5
   372 | D:1      | Found a faded altar of an unknown god.
   757 | D:1      | Reached XP level 3. HP: 15/28 MP: 0/6
  1157 | D:2      | Learned a level 3 spell: Frozen Ramparts
  1161 | D:2      | Learned a level 3 spell: Ozocubu's Armour
  1519 | D:2      | Slain by a jackal

Action                     || total
---------------------------++-------
  Melee: Unarmed           ||    28
         Punch             ||     1
         Short sword       ||    28
   Cast: Freeze            ||    44
    Use: Scroll            ||     2
   Stab: Sleeping          ||     2
 Armour: Robe              ||    23
  Dodge: Dodged            ||    44

Levels and vault maps discovered:
D:1:      grunt_arrival_lava_bath, layout_loops_ring,
          hellmonk_ecumenical_altar_pennies_from_heaven
D:2:      layout_loops_cross, hangedman_abyss_or_decor_lesser_grid,
          uniq_crazy_yiuf_cottage, uniq_natasha
